AoeStats
← Huskarls4

Fortress

509895217Analyzed
4v4 RM · 20d ago on Sep 28, 2026· 52m 17s· 8 players
Game mode
Random Map
Map size
Huge
Population
200
Speed
Normal
Resources
Standard
Victory
Conquest
Starting age
Dark Age
Ending age
Imperial Age
RankedLock teamsTeams togetherTeam positionsShared explorationLock speedFull tech treeHidden civsTurbo modeCheats
Victory
Defeat
🇦🇷 Saracens · Argentina
1458
+10
🇨🇳 Varangians · China
1455
+10
🇬🇧 Celts · United Kingdom
1425
+11
🇬🇧 Persians · United Kingdom
1416
+12
vs
🇮🇳 Varangians · India
1382
-16
🇭🇰 Bengalis · Hong Kong SAR China
1313
-11
🇭🇰 Portuguese · Hong Kong SAR China
1312
-10
🇭🇰 Danes · Hong Kong SAR China
1282
-9
HighEloREdiots
6:51 Feudal Age
10:52 Castle Age
9:35 Double-Bit Axe
11:52 Bow Saw
12:16 Horse Collar
16:20 Loom
18:16 Wheelbarrow
17:27 Town Watch
20:23 Hand Cart
22:09 Heavy Plow
22:40 Gold Mining
26:53 Imperial Age
24:55 Scale Barding Armor
25:00 Forging
26:29 Chain Barding Armor
26:44 Iron Casting
26:17 Stone Mining
27:30 Caravan
27:50 Bloodlines
27:40 Husbandry
28:41 Plate Barding Armor
29:39 Blast Furnace
29:02 Conscription
28:33 Elite Jarl
48:46 Fortified Wall
48:46 Masonry
Hung Kaho
8:17 Feudal Age
9:23 Double-Bit Axe
9:26 Horse Collar
12:03 Castle Age
14:05 Bow Saw
19:40 Circumnavigation
20:39 Heavy Plow
22:18 Wheelbarrow
22:07 Gold Mining
22:07 Stone Mining
26:07 Imperial Age
23:51 Fletching
24:33 Crossbowman
25:59 Thumb Ring
27:49 Chemistry
26:22 Arbalester
27:12 Bodkin Arrow
27:17 Padded Archer Armor
28:33 Two-Man Saw
28:13 Conscription
29:31 Bracer
30:14 Siege Engineers
33:30 Bombard Tower
36:28 Ballistics
bbhin
7:13 Feudal Age
11:14 Castle Age
10:05 Double-Bit Axe
10:03 Horse Collar
12:31 Bow Saw
16:09 Wheelbarrow
19:14 Scale Barding Armor
20:20 Fletching
20:30 Loom
21:12 Bodkin Arrow
23:34 Hand Cart
26:42 Gold Mining
30:55 Imperial Age
29:34 Padded Archer Armor
33:31 Imperial Age
MaGicPK
7:19 Feudal Age
8:50 Double-Bit Axe
11:08 Castle Age
12:15 Bow Saw
11:47 Horse Collar
12:29 Heavy Plow
19:32 Forging
19:47 Loom
20:11 Scale Mail Armor
21:47 Wheelbarrow
21:34 Chain Mail Armor
27:18 Imperial Age
25:10 Hand Cart
25:28 Gold Mining
25:30 Stone Mining
25:32 Pikeman
26:14 Squires
25:59 Arson
26:55 Iron Casting
26:42 Gambesons
29:13 Elite Varangian Guard
30:41 Plate Mail Armor
31:30 Conscription
33:46 Blast Furnace
33:06 Halberdier
33:12 Halberdier
33:58 Northmen's Fury
34:09 Hamask
35:37 Elite Jomsviking
44:25 Fletching
44:36 Padded Archer Armor
45:40 Chemistry
45:09 Thumb Ring
45:00 Elite Skirmisher
46:28 Bodkin Arrow
46:48 Leather Archer Armor
48:24 Bracer
48:55 Ring Archer Armor
51:42 Onager
Huskarls4
7:20 Feudal Age
11:28 Castle Age
9:37 Horse Collar
10:13 Double-Bit Axe
17:47 Wheelbarrow
20:59 Bow Saw
20:51 Heavy Plow
21:18 Gold Mining
25:53 Imperial Age
24:14 Hand Cart
25:34 Scale Barding Armor
25:39 Forging
25:42 Bloodlines
25:32 Husbandry
25:42 Cavalier
26:33 Loom
27:27 Chain Barding Armor
28:15 Conscription
30:47 Iron Casting
30:03 Fletching
32:17 Plate Barding Armor
32:40 Savar
34:25 Blast Furnace
33:21 Bodkin Arrow
37:25 Citadels
37:30 Masonry
38:09 Caravan
37:52 Light Cavalry
39:25 Architecture
40:03 Chemistry
40:45 Padded Archer Armor
42:00 Leather Archer Armor
45:20 Kamandaran
44:53 Crossbowman
45:40 Thumb Ring
47:04 Two-Man Saw
46:59 Hussar
49:08 Ring Archer Armor
49:09 Ballistics
53:04 Crop Rotation
Imrik
7:38 Feudal Age
11:12 Castle Age
10:04 Double-Bit Axe
10:01 Horse Collar
12:11 Bow Saw
17:08 Gold Mining
19:06 Wheelbarrow
19:36 Gold Shaft Mining
19:33 Stone Mining
20:17 Hand Cart
20:55 Heavy Plow
25:07 Imperial Age
22:23 Loom
22:52 Scale Barding Armor
22:47 Scale Mail Armor
23:52 Forging
24:03 Chain Barding Armor
24:08 Bloodlines
23:58 Husbandry
24:54 Ballistics
25:05 Town Watch
26:09 Iron Casting
26:25 Plate Barding Armor
26:16 Conscription
27:15 Two-Man Saw
26:04 Elite Mameluke
26:23 Heavy Camel Rider
27:21 Onager
29:45 Blast Furnace
29:47 Fortified Wall
30:40 Chemistry
31:23 Town Patrol
31:37 Caravan
31:57 Counterweights
32:47 Siege Engineers
32:53 Masonry
33:19 Siege Onager
51:05 Fletching
51:15 Padded Archer Armor
52:30 Hoardings
Mothy
7:15 Feudal Age
12:21 Castle Age
10:18 Horse Collar
10:56 Double-Bit Axe
15:52 Bow Saw
17:57 Scale Mail Armor
17:47 Pikeman
18:31 Loom
29:27 Chain Mail Armor
30:18 Arson
31:37 Forging
32:32 Wheelbarrow
33:59 Iron Casting
33:44 Heavy Plow
40:03 Imperial Age
39:55 Town Watch
40:09 Capped Ram
42:04 Blast Furnace
42:15 Plate Mail Armor
42:07 Conscription
43:00 Caravan
43:01 Siege Ram
45:42 Elite Woad Raider
48:53 Halberdier
49:35 Onager
Mllento
7:35 Feudal Age
8:48 Double-Bit Axe
11:05 Castle Age
9:12 Horse Collar
12:07 Bow Saw
12:47 Wheelbarrow
18:06 Heavy Plow
18:58 Hand Cart
20:28 Town Watch
20:30 Loom
20:54 Gold Mining
22:09 Forging
22:09 Stone Mining
23:16 Scale Barding Armor
25:49 Imperial Age
24:07 Stone Shaft Mining
25:15 Chain Barding Armor
25:31 Iron Casting
24:42 Treadmill Crane
25:17 Masonry
26:00 Squires
25:20 Pikeman
25:53 Fletching
26:50 Guilds
26:29 Elite Jarl
27:31 Conscription
28:11 Bloodlines
28:01 Husbandry
28:38 Plate Barding Armor
29:25 Blast Furnace
31:33 Bodkin Arrow
32:02 Ballistics
32:42 Chemistry
32:31 Bracer
32:09 Light Cavalry
32:36 Gambesons
32:37 Arson
33:30 Caravan
41:24 Caravan
41:54 Coinage
42:28 Padded Archer Armor
42:57 Siege Engineers
43:22 Architecture
43:03 Fortified Wall
47:23 Banking
50:40 Banking
Connection lost

Rejoining the realm…

Still unreachable

The connection could not be restored.

Session expired

The server has moved on; the page needs a fresh start.